Workbook

Sheet Categories
A5: Real Estate Agent Receipt Categories
A6: Use this list to sort your business receipts. Keep business and personal costs apart. Only log business costs.
A7: If you are not sure where something goes, pick "Not sure". Your accountant will sort it.
A9: Category | B9: What goes here | C9: What to keep
A10: Advertising and marketing | B10: Signs, flyers, postcards, listing photos and videos, staging, online and social media ads, website, branded items. | C10: Receipt.
A11: Client gifts (not food or drink) | B11: Closing gifts, home items, branded gifts, store gift cards. | C11: Receipt. Write the client name.
A12: Client gifts of food or drink | B12: Gift baskets, wine, treats, restaurant gift cards. | C12: Receipt. Write the client name.
A13: Meals and entertainment | B13: Coffee or meals with clients or other agents, client events, event tickets. | C13: Receipt. Write who you met and why.
A14: Licences, board and association dues | B14: Real estate licence, real estate board, MLS, association fees. | C14: Receipt or invoice.
A15: Business insurance | B15: Errors and omissions insurance, business liability insurance. Not car or home insurance. | C15: Invoice.
A16: Bank charges and interest | B16: Business bank account fees. Interest on a business credit card or business loan. | C16: Bank or card statement.
A17: Software and office expenses | B17: CRM, e-signature, cloud storage and other software. Small office items. | C17: Receipt or invoice.
A18: Office supplies and postage | B18: Paper, ink, pens, envelopes, stamps. | C18: Receipt.
A19: Delivery and courier | B19: Courier and delivery charges. | C19: Receipt.
A20: Professional fees | B20: Accounting, tax preparation and legal fees. | C20: Invoice.
... A43: Not sure | B43: You are not sure where it goes. Your accountant will sort it. | C43: Receipt. Write what it is.
A45: Please also send
A46: • Year-end statement from your brokerage showing commissions earned and fees charged.
A47: • Any tax slips you received (for example T4A or T5).
A48: • Car: total km driven and business km driven for each year. A mileage log if you have one.
A49: • Home office: size of the home and size of the office space (square feet).
A50: • Copies of GST/HST returns filed, if you are registered.
A52: General guide only. It is not tax advice for your situation. Talk to your accountant before you file.
A53: Questions: Hashim Awad, CPA | hashim@conceptaccounting.ca | (226) 789-9591 ext. 101 | conceptaccounting.ca

Sheet Receipt Log
A5: Receipt Log
A6: Fill in the green columns. Grey columns fill in by themselves. Pick the category from the drop-down list.
A7: Not registered for GST/HST? Put the full amount in Amount before tax and leave GST/HST blank. PST also goes in Amount before tax.
A8: One file can hold two tax years. Set the dates on the Summary tab.
A9: 45730 | B9: Tim Hortons | C9: Coffee with buyer client J. Smith | D9: Meals and entertainment | E9: 12.5 | F9: 1.63 | G9: 14.13 | H9: Personal card | I9: Example
A10: Date | B10: Store or vendor | C10: What was it for (who and why) | D10: Category | E10: Amount before tax | F10: GST/HST | G10: Total | H10: Paid with | I10: Tax year
G11: =IF(AND(E11="",F11=""),"",N(E11)+N(F11)) | I11: =IF(A11="","",IF(AND(A11>=Summary!$B$10,A11<=Summary!$B$11),"Year 1",IF(AND(A11>=Summary!$E$10,A11<=Summary!$E$11),"Year 2","Outside dates")))
G12: =IF(AND(E12="",F12=""),"",N(E12)+N(F12)) | I12: =IF(A12="","",IF(AND(A12>=Summary!$B$10,A12<=Summary!$B$11),"Year 1",IF(AND(A12>=Summary!$E$10,A12<=Summary!$E$11),"Year 2","Outside dates")))
G13: =IF(AND(E13="",F13=""),"",N(E13)+N(F13)) | I13: =IF(A13="","",IF(AND(A13>=Summary!$B$10,A13<=Summary!$B$11),"Year 1",IF(AND(A13>=Summary!$E$10,A13<=Summary!$E$11),"Year 2","Outside dates")))
G14: =IF(AND(E14="",F14=""),"",N(E14)+N(F14)) | I14: =IF(A14="","",IF(AND(A14>=Summary!$B$10,A14<=Summary!$B$11),"Year 1",IF(AND(A14>=Summary!$E$10,A14<=Summary!$E$11),"Year 2","Outside dates")))
G15: =IF(AND(E15="",F15=""),"",N(E15)+N(F15)) | I15: =IF(A15="","",IF(AND(A15>=Summary!$B$10,A15<=Summary!$B$11),"Year 1",IF(AND(A15>=Summary!$E$10,A15<=Summary!$E$11),"Year 2","Outside dates")))
G16: =IF(AND(E16="",F16=""),"",N(E16)+N(F16)) | I16: =IF(A16="","",IF(AND(A16>=Summary!$B$10,A16<=Summary!$B$11),"Year 1",IF(AND(A16>=Summary!$E$10,A16<=Summary!$E$11),"Year 2","Outside dates")))
G17: =IF(AND(E17="",F17=""),"",N(E17)+N(F17)) | I17: =IF(A17="","",IF(AND(A17>=Summary!$B$10,A17<=Summary!$B$11),"Year 1",IF(AND(A17>=Summary!$E$10,A17<=Summary!$E$11),"Year 2","Outside dates")))
G18: =IF(AND(E18="",F18=""),"",N(E18)+N(F18)) | I18: =IF(A18="","",IF(AND(A18>=Summary!$B$10,A18<=Summary!$B$11),"Year 1",IF(AND(A18>=Summary!$E$10,A18<=Summary!$E$11),"Year 2","Outside dates")))
G19: =IF(AND(E19="",F19=""),"",N(E19)+N(F19)) | I19: =IF(A19="","",IF(AND(A19>=Summary!$B$10,A19<=Summary!$B$11),"Year 1",IF(AND(A19>=Summary!$E$10,A19<=Summary!$E$11),"Year 2","Outside dates")))
G20: =IF(AND(E20="",F20=""),"",N(E20)+N(F20)) | I20: =IF(A20="","",IF(AND(A20>=Summary!$B$10,A20<=Summary!$B$11),"Year 1",IF(AND(A20>=Summary!$E$10,A20<=Summary!$E$11),"Year 2","Outside dates")))
G21: =IF(AND(E21="",F21=""),"",N(E21)+N(F21)) | I21: =IF(A21="","",IF(AND(A21>=Summary!$B$10,A21<=Summary!$B$11),"Year 1",IF(AND(A21>=Summary!$E$10,A21<=Summary!$E$11),"Year 2","Outside dates")))
G22: =IF(AND(E22="",F22=""),"",N(E22)+N(F22)) | I22: =IF(A22="","",IF(AND(A22>=Summary!$B$10,A22<=Summary!$B$11),"Year 1",IF(AND(A22>=Summary!$E$10,A22<=Summary!$E$11),"Year 2","Outside dates")))
... G1010: =IF(AND(E1010="",F1010=""),"",N(E1010)+N(F1010)) | I1010: =IF(A1010="","",IF(AND(A1010>=Summary!$B$10,A1010<=Summary!$B$11),"Year 1",IF(AND(A1010>=Summary!$E$10,A1010<=Summary!$E$11),"Year 2","Outside dates")))

Sheet Summary
A5: Summary by Tax Year
A6: This page adds up the Receipt Log. Only type in the green cells.
A7: Set the start and end date of each tax year. Sole proprietors use January 1 to December 31. A corporation uses its own fiscal year, for example November 1 to October 31.
B9: Year 1 | E9: Year 2
A10: Start date | B10: 45658 | E10: 46023
A11: End date | B11: 46022 | E11: 46387
A12: Check | B12: =IF(OR($B$10="",$B$11=""),"",IF($B$11<$B$10,"End is before start",IF($B$11-$B$10>371,"Longer than one year","OK"))) -> OK | E12: =IF(OR($E$10="",$E$11=""),"",IF($E$11<$E$10,"End is before start",IF($E$11-$E$10>371,"Longer than one year",IF($E$10<=$B$11,"Overlaps Year 1","OK")))) -> OK
B13: ="Year 1: "&TEXT($B$10,"yyyy-mm-dd")&" to "&TEXT($B$11,"yyyy-mm-dd") -> Year 1: 2025-01-01 to 2025-12-31 | E13: ="Year 2: "&TEXT($E$10,"yyyy-mm-dd")&" to "&TEXT($E$11,"yyyy-mm-dd") -> Year 2: 2026-01-01 to 2026-12-31
A14: Category | B14: Before tax | C14: GST/HST | D14: Total | E14: Before tax | F14: GST/HST | G14: Total
A15: =Categories!A10 -> Advertising and marketing | B15: =SUMIFS('Receipt Log'!$E$11:$E$1010,'Receipt Log'!$D$11:$D$1010,$A15,'Receipt Log'!$I$11:$I$1010,"Year 1") -> 0 | C15: =SUMIFS('Receipt Log'!$F$11:$F$1010,'Receipt Log'!$D$11:$D$1010,$A15,'Receipt Log'!$I$11:$I$1010,"Year 1") -> 0 | D15: =B15+C15 -> 0 | E15: =SUMIFS('Receipt Log'!$E$11:$E$1010,'Receipt Log'!$D$11:$D$1010,$A15,'Receipt Log'!$I$11:$I$1010,"Year 2") -> 0 | F15: =SUMIFS('Receipt Log'!$F$11:$F$1010,'Receipt Log'!$D$11:$D$1010,$A15,'Receipt Log'!$I$11:$I$1010,"Year 2") -> 0 | G15: =E15+F15 -> 0
A16: =Categories!A11 -> Client gifts (not food or drink) | B16: =SUMIFS('Receipt Log'!$E$11:$E$1010,'Receipt Log'!$D$11:$D$1010,$A16,'Receipt Log'!$I$11:$I$1010,"Year 1") -> 0 | C16: =SUMIFS('Receipt Log'!$F$11:$F$1010,'Receipt Log'!$D$11:$D$1010,$A16,'Receipt Log'!$I$11:$I$1010,"Year 1") -> 0 | D16: =B16+C16 -> 0 | E16: =SUMIFS('Receipt Log'!$E$11:$E$1010,'Receipt Log'!$D$11:$D$1010,$A16,'Receipt Log'!$I$11:$I$1010,"Year 2") -> 0 | F16: =SUMIFS('Receipt Log'!$F$11:$F$1010,'Receipt Log'!$D$11:$D$1010,$A16,'Receipt Log'!$I$11:$I$1010,"Year 2") -> 0 | G16: =E16+F16 -> 0
A17: =Categories!A12 -> Client gifts of food or drink | B17: =SUMIFS('Receipt Log'!$E$11:$E$1010,'Receipt Log'!$D$11:$D$1010,$A17,'Receipt Log'!$I$11:$I$1010,"Year 1") -> 0 | C17: =SUMIFS('Receipt Log'!$F$11:$F$1010,'Receipt Log'!$D$11:$D$1010,$A17,'Receipt Log'!$I$11:$I$1010,"Year 1") -> 0 | D17: =B17+C17 -> 0 | E17: =SUMIFS('Receipt Log'!$E$11:$E$1010,'Receipt Log'!$D$11:$D$1010,$A17,'Receipt Log'!$I$11:$I$1010,"Year 2") -> 0 | F17: =SUMIFS('Receipt Log'!$F$11:$F$1010,'Receipt Log'!$D$11:$D$1010,$A17,'Receipt Log'!$I$11:$I$1010,"Year 2") -> 0 | G17: =E17+F17 -> 0
A18: =Categories!A13 -> Meals and entertainment | B18: =SUMIFS('Receipt Log'!$E$11:$E$1010,'Receipt Log'!$D$11:$D$1010,$A18,'Receipt Log'!$I$11:$I$1010,"Year 1") -> 0 | C18: =SUMIFS('Receipt Log'!$F$11:$F$1010,'Receipt Log'!$D$11:$D$1010,$A18,'Receipt Log'!$I$11:$I$1010,"Year 1") -> 0 | D18: =B18+C18 -> 0 | E18: =SUMIFS('Receipt Log'!$E$11:$E$1010,'Receipt Log'!$D$11:$D$1010,$A18,'Receipt Log'!$I$11:$I$1010,"Year 2") -> 0 | F18: =SUMIFS('Receipt Log'!$F$11:$F$1010,'Receipt Log'!$D$11:$D$1010,$A18,'Receipt Log'!$I$11:$I$1010,"Year 2") -> 0 | G18: =E18+F18 -> 0
A19: =Categories!A14 -> Licences, board and association dues | B19: =SUMIFS('Receipt Log'!$E$11:$E$1010,'Receipt Log'!$D$11:$D$1010,$A19,'Receipt Log'!$I$11:$I$1010,"Year 1") -> 0 | C19: =SUMIFS('Receipt Log'!$F$11:$F$1010,'Receipt Log'!$D$11:$D$1010,$A19,'Receipt Log'!$I$11:$I$1010,"Year 1") -> 0 | D19: =B19+C19 -> 0 | E19: =SUMIFS('Receipt Log'!$E$11:$E$1010,'Receipt Log'!$D$11:$D$1010,$A19,'Receipt Log'!$I$11:$I$1010,"Year 2") -> 0 | F19: =SUMIFS('Receipt Log'!$F$11:$F$1010,'Receipt Log'!$D$11:$D$1010,$A19,'Receipt Log'!$I$11:$I$1010,"Year 2") -> 0 | G19: =E19+F19 -> 0
A20: =Categories!A15 -> Business insurance | B20: =SUMIFS('Receipt Log'!$E$11:$E$1010,'Receipt Log'!$D$11:$D$1010,$A20,'Receipt Log'!$I$11:$I$1010,"Year 1") -> 0 | C20: =SUMIFS('Receipt Log'!$F$11:$F$1010,'Receipt Log'!$D$11:$D$1010,$A20,'Receipt Log'!$I$11:$I$1010,"Year 1") -> 0 | D20: =B20+C20 -> 0 | E20: =SUMIFS('Receipt Log'!$E$11:$E$1010,'Receipt Log'!$D$11:$D$1010,$A20,'Receipt Log'!$I$11:$I$1010,"Year 2") -> 0 | F20: =SUMIFS('Receipt Log'!$F$11:$F$1010,'Receipt Log'!$D$11:$D$1010,$A20,'Receipt Log'!$I$11:$I$1010,"Year 2") -> 0 | G20: =E20+F20 -> 0
A21: =Categories!A16 -> Bank charges and interest | B21: =SUMIFS('Receipt Log'!$E$11:$E$1010,'Receipt Log'!$D$11:$D$1010,$A21,'Receipt Log'!$I$11:$I$1010,"Year 1") -> 0 | C21: =SUMIFS('Receipt Log'!$F$11:$F$1010,'Receipt Log'!$D$11:$D$1010,$A21,'Receipt Log'!$I$11:$I$1010,"Year 1") -> 0 | D21: =B21+C21 -> 0 | E21: =SUMIFS('Receipt Log'!$E$11:$E$1010,'Receipt Log'!$D$11:$D$1010,$A21,'Receipt Log'!$I$11:$I$1010,"Year 2") -> 0 | F21: =SUMIFS('Receipt Log'!$F$11:$F$1010,'Receipt Log'!$D$11:$D$1010,$A21,'Receipt Log'!$I$11:$I$1010,"Year 2") -> 0 | G21: =E21+F21 -> 0
A22: =Categories!A17 -> Software and office expenses | B22: =SUMIFS('Receipt Log'!$E$11:$E$1010,'Receipt Log'!$D$11:$D$1010,$A22,'Receipt Log'!$I$11:$I$1010,"Year 1") -> 0 | C22: =SUMIFS('Receipt Log'!$F$11:$F$1010,'Receipt Log'!$D$11:$D$1010,$A22,'Receipt Log'!$I$11:$I$1010,"Year 1") -> 0 | D22: =B22+C22 -> 0 | E22: =SUMIFS('Receipt Log'!$E$11:$E$1010,'Receipt Log'!$D$11:$D$1010,$A22,'Receipt Log'!$I$11:$I$1010,"Year 2") -> 0 | F22: =SUMIFS('Receipt Log'!$F$11:$F$1010,'Receipt Log'!$D$11:$D$1010,$A22,'Receipt Log'!$I$11:$I$1010,"Year 2") -> 0 | G22: =E22+F22 -> 0
A23: =Categories!A18 -> Office supplies and postage | B23: =SUMIFS('Receipt Log'!$E$11:$E$1010,'Receipt Log'!$D$11:$D$1010,$A23,'Receipt Log'!$I$11:$I$1010,"Year 1") -> 0 | C23: =SUMIFS('Receipt Log'!$F$11:$F$1010,'Receipt Log'!$D$11:$D$1010,$A23,'Receipt Log'!$I$11:$I$1010,"Year 1") -> 0 | D23: =B23+C23 -> 0 | E23: =SUMIFS('Receipt Log'!$E$11:$E$1010,'Receipt Log'!$D$11:$D$1010,$A23,'Receipt Log'!$I$11:$I$1010,"Year 2") -> 0 | F23: =SUMIFS('Receipt Log'!$F$11:$F$1010,'Receipt Log'!$D$11:$D$1010,$A23,'Receipt Log'!$I$11:$I$1010,"Year 2") -> 0 | G23: =E23+F23 -> 0
A24: =Categories!A19 -> Delivery and courier | B24: =SUMIFS('Receipt Log'!$E$11:$E$1010,'Receipt Log'!$D$11:$D$1010,$A24,'Receipt Log'!$I$11:$I$1010,"Year 1") -> 0 | C24: =SUMIFS('Receipt Log'!$F$11:$F$1010,'Receipt Log'!$D$11:$D$1010,$A24,'Receipt Log'!$I$11:$I$1010,"Year 1") -> 0 | D24: =B24+C24 -> 0 | E24: =SUMIFS('Receipt Log'!$E$11:$E$1010,'Receipt Log'!$D$11:$D$1010,$A24,'Receipt Log'!$I$11:$I$1010,"Year 2") -> 0 | F24: =SUMIFS('Receipt Log'!$F$11:$F$1010,'Receipt Log'!$D$11:$D$1010,$A24,'Receipt Log'!$I$11:$I$1010,"Year 2") -> 0 | G24: =E24+F24 -> 0
A25: =Categories!A20 -> Professional fees | B25: =SUMIFS('Receipt Log'!$E$11:$E$1010,'Receipt Log'!$D$11:$D$1010,$A25,'Receipt Log'!$I$11:$I$1010,"Year 1") -> 0 | C25: =SUMIFS('Receipt Log'!$F$11:$F$1010,'Receipt Log'!$D$11:$D$1010,$A25,'Receipt Log'!$I$11:$I$1010,"Year 1") -> 0 | D25: =B25+C25 -> 0 | E25: =SUMIFS('Receipt Log'!$E$11:$E$1010,'Receipt Log'!$D$11:$D$1010,$A25,'Receipt Log'!$I$11:$I$1010,"Year 2") -> 0 | F25: =SUMIFS('Receipt Log'!$F$11:$F$1010,'Receipt Log'!$D$11:$D$1010,$A25,'Receipt Log'!$I$11:$I$1010,"Year 2") -> 0 | G25: =E25+F25 -> 0
A26: =Categories!A21 -> Brokerage and admin fees | B26: =SUMIFS('Receipt Log'!$E$11:$E$1010,'Receipt Log'!$D$11:$D$1010,$A26,'Receipt Log'!$I$11:$I$1010,"Year 1") -> 0 | C26: =SUMIFS('Receipt Log'!$F$11:$F$1010,'Receipt Log'!$D$11:$D$1010,$A26,'Receipt Log'!$I$11:$I$1010,"Year 1") -> 0 | D26: =B26+C26 -> 0 | E26: =SUMIFS('Receipt Log'!$E$11:$E$1010,'Receipt Log'!$D$11:$D$1010,$A26,'Receipt Log'!$I$11:$I$1010,"Year 2") -> 0 | F26: =SUMIFS('Receipt Log'!$F$11:$F$1010,'Receipt Log'!$D$11:$D$1010,$A26,'Receipt Log'!$I$11:$I$1010,"Year 2") -> 0 | G26: =E26+F26 -> 0
... A48: =Categories!A43 -> Not sure | B48: =SUMIFS('Receipt Log'!$E$11:$E$1010,'Receipt Log'!$D$11:$D$1010,$A48,'Receipt Log'!$I$11:$I$1010,"Year 1") -> 0 | C48: =SUMIFS('Receipt Log'!$F$11:$F$1010,'Receipt Log'!$D$11:$D$1010,$A48,'Receipt Log'!$I$11:$I$1010,"Year 1") -> 0 | D48: =B48+C48 -> 0 | E48: =SUMIFS('Receipt Log'!$E$11:$E$1010,'Receipt Log'!$D$11:$D$1010,$A48,'Receipt Log'!$I$11:$I$1010,"Year 2") -> 0 | F48: =SUMIFS('Receipt Log'!$F$11:$F$1010,'Receipt Log'!$D$11:$D$1010,$A48,'Receipt Log'!$I$11:$I$1010,"Year 2") -> 0 | G48: =E48+F48 -> 0
A49: Total | B49: =SUM(B15:B48) -> 0 | C49: =SUM(C15:C48) -> 0 | D49: =SUM(D15:D48) -> 0 | E49: =SUM(E15:E48) -> 0 | F49: =SUM(F15:F48) -> 0 | G49: =SUM(G15:G48) -> 0
A51: Checks
A52: Rows with an amount but no category | B52: =COUNTIFS('Receipt Log'!$E$11:$E$1010,"<>",'Receipt Log'!$D$11:$D$1010,"")+COUNTIFS('Receipt Log'!$F$11:$F$1010,"<>",'Receipt Log'!$E$11:$E$1010,"",'Receipt Log'!$D$11:$D$1010,"") -> 0 | C52: =IF(B52=0,"OK","Fix on Receipt Log") -> OK
A53: Rows with an amount but no date | B53: =COUNTIFS('Receipt Log'!$E$11:$E$1010,"<>",'Receipt Log'!$A$11:$A$1010,"")+COUNTIFS('Receipt Log'!$F$11:$F$1010,"<>",'Receipt Log'!$E$11:$E$1010,"",'Receipt Log'!$A$11:$A$1010,"") -> 0 | C53: =IF(B53=0,"OK","Fix on Receipt Log") -> OK
A54: Rows dated outside both tax years | B54: =COUNTIF('Receipt Log'!$I$11:$I$1010,"Outside dates") -> 0 | C54: =IF(B54=0,"OK","Fix on Receipt Log") -> OK
A56: Car and home office details
A57: Item | B57: Year 1 | E57: Year 2
A58: Total km driven in the year
A59: Business km driven in the year
A60: Size of the home (sq ft)
A61: Size of the office space (sq ft)
A63: Please also send
A64: • Year-end statement from your brokerage showing commissions earned and fees charged.
A65: • Any tax slips you received (for example T4A or T5).
A66: • A mileage log if you have one.
A67: • Copies of GST/HST returns filed, if you are registered.
A69: General guide only. It is not tax advice for your situation. Talk to your accountant before you file.
A70: Questions: Hashim Awad, CPA | hashim@conceptaccounting.ca | (226) 789-9591 ext. 101 | conceptaccounting.ca
